 Dungeon Crawl Stone Soup version 0.24.0-123-gd5b16e6ec5 (webtiles) character file.

Game seed: 17396035503104361395, levelgen mode: deterministic

344 vurker the Gusty (level 6, -1/26 HPs)
             Began as a Felid Air Elementalist on Feb 3, 2020.
             Slain by an adder (3 damage)
             ... on level 4 of the Dungeon.
             The game lasted 00:06:07 (6316 turns).

vurker the Gusty (Felid Air Elementalist)           Turns: 6316, Time: 00:06:07

Health: -1/26      AC:  2    Str:  4    XL:     6   Next: 31%
Magic:  0/13       EV: 18    Int: 18    God:
Gold:   166        SH:  0    Dex: 17    Spells: 12/13 levels left
                                        Lives:  0   Deaths: 1

rFire    . . .     SeeInvis +   (weapon unavailable)
rCold    . . .     Gourm    .   (shield unavailable)
rNeg     . . .     Faith    .   (armour unavailable)
rPois    .         Spirit   .   (helmet unavailable)
rElec    .         Reflect  .   (cloak unavailable)
rCorr    .         Harm     .   (gloves unavailable)
MR       .....                  (boots unavailable)
Stlth    ++........             (no amulet)
HPRegen  0.08/turn              g - ring of stealth
MPRegen  0.13/turn              (no ring)

@: lethally poisoned (-1 -> -8), very slow
A: very small, no armour, no weapons or thrown items, stealth, claws 1, fangs 3,
see invisible, carnivore, speed 1, shaggy fur 2, slow metabolism 1, sharp paws
a: no special abilities


You were on level 4 of the Dungeon.
You were completely stuffed.

You visited 1 branch of the dungeon, and saw 4 of its levels.

You collected 166 gold pieces.

Inventory:

Jewellery
 g - a ring of stealth (left paw)
   (You found it on level 1 of the Dungeon)
Wands
 o - a wand of clouds (5)
   (You found it on level 3 of the Dungeon)
Scrolls
 c - 3 scrolls of teleportation {unknown}
 d - 5 scrolls of identify {unknown}
 j - a scroll of immolation {unknown}
 l - a scroll of fear {unknown}
 m - 2 scrolls of remove curse {unknown}
 n - 3 scrolls of noise {unknown}
Potions
 a - 2 potions of haste {unknown}
 f - 3 potions of mutation {unknown}
 h - 2 potions of brilliance {unknown}
 i - a potion of berserk rage {unknown}
 p - 2 potions of might {unknown}
Comestibles
 e - 5 rations
 k - 2 chunks of flesh


   Skills:
 + Level 2.3 Fighting
 - Level 2.6 Dodging
 - Level 2.6 Stealth
 * Level 4.1 Spellcasting
 * Level 3.6 Conjurations
 * Level 4.5 Air Magic


You had 12 spell levels left.
You knew the following spells:

 Your Spells              Type           Power        Failure   Level  Hunger
a - Shock                 Conj/Air       ###.         2%          1    None

Your spell library contained the following spells:

 Spells                   Type           Power        Failure   Level  Hunger
 Swiftness                Chrm/Air       ##......     9%          2    ##.....
 Static Discharge         Conj/Air       ###.....     9%          3    ###....
 Airstrike                Air            ###.......   22%         4    ####...
 Lightning Bolt           Conj/Air       ###.......   58%         5    ######.


Dungeon Overview and Level Annotations

Branches:
Dungeon (3/15)

Altars:
Ru
Sif Muna


Innate Abilities, Weirdness & Mutations

You cannot wear armour.
You are incapable of wielding weapons or throwing items.
Your paws allow you to move quietly. (Stealth)
You have sharp claws.
You have razor-sharp teeth.
You have supernaturally acute eyesight. (SInv)
You are carnivorous and can eat meat at any time.
You cover ground quickly.
You are covered in thick fur. (AC +2)
You have a slow metabolism.
Your sharp claws are effective at attacking unaware monsters.


Message History

Aim: a worm (heavily wounded)
The zap misses the worm.
Aim: a worm (heavily wounded)
The zap hits the worm.
The worm splashes around in the water.
Aim: a worm (heavily wounded)
The zap hits the worm.
Aim: a worm (severely wounded)
The zap misses the worm.
The worm barely misses you.
Aim: a worm (severely wounded)
The zap hits the worm.
The worm bites you!
* * * LOW HITPOINT WARNING * * *
Aim: a worm (severely wounded)
The zap hits the worm.
Aim: a worm (severely wounded)
The zap hits the worm.
The worm barely misses you.
Aim: a worm (almost dead)
The zap hits the worm.
You kill the worm!
The adder closely misses you.
Aim: an adder The zap hits the adder.
The adder misses you.
Aim: an adder (heavily wounded)
The zap misses the adder.
The adder barely misses you.
Aim: an adder (heavily wounded)
The zap hits the adder.
The adder bites you.
* * * LOW HITPOINT WARNING * * *
You are poisoned.
The adder poisons you! The adder closely misses you.
Your unstable footing causes you to fumble your attack.
* * * LOW HITPOINT WARNING * * *
You feel sick. The adder completely misses you.
You feel better. The adder bites you.
* * * LOW HITPOINT WARNING * * *
You are poisoned.
The adder poisons you!
Aim: an adder (severely wounded)
The zap hits the adder.
You feel sick. The adder closely misses you.
You don't have enough magic to cast that spell.
You don't have enough magic to cast that spell.
The adder misses you. The adder closely misses you.
Your unstable footing causes you to fumble your attack.
The adder barely misses you.
You closely miss the adder.
You feel sick. The adder bites you.
* * * LOW HITPOINT WARNING * * *
Okay, then.
You closely miss the adder. The adder bites you.
* * * LOW HITPOINT WARNING * * *
You are more poisoned.
The adder poisons you! The adder bites you.
You die...

#.# ###.#############
##...............######
###.....##########......#
).......# #.####.#
###.....# ########....#
##....# ≈≈#≈≈≈#....# #
###.#### #≈#÷#≈#≈...# #
#.##≈≈≈≈#≈#@#≈#≈...# #
#.# #≈≈≈S≈#≈≈≈≈.## #
##'## #####≈#≈#≈..# #
##...# ≈≈#≈≈≈..# #
##....# ###≈#...##
###.....# #≈≈≈...#
##......##########†≈....#
.'......)..'.......#.##.#
##.........##.#...##....#


You could see an adder.

Vanquished Creatures
  A scorpion (D:4)
  A hound (D:4)
  An orc priest (D:3)
  An iguana (D:2)
  An orc wizard (D:3)
  3 worker ants (D:4)
  Natasha (thrice) (D:2)
  3 gnolls (D:4)
  2 river rats (D:4)
  8 adders
  2 oozes
  2 adder skeletons (D:4)
  3 worms
  2 dart slugs
  4 leopard geckos
  10 orcs
  7 giant cockroaches
  7 goblins
  6 hobgoblins
  2 jackals (D:4)
  6 bats
  8 frilled lizards
  A jackal skeleton (D:4)
  10 kobolds
  7 rats
101 creatures vanquished.

Notes
Turn   | Place    | Note
-------+----------+-------------------------------------------
     0 | D:1      | vurker the Felid Air Elementalist began the quest for the
                  | Orb.
     0 | D:1      | Reached XP level 1. HP: 7/7 MP: 4/4
    49 | D:1      | Reached skill level 1 in Conjurations
   225 | D:1      | Reached XP level 2. HP: 7/11 MP: 0/6
   923 | D:1      | Reached XP level 3. HP: 15/15 MP: 1/7
  1340 | D:2      | Found a sacrificial altar of Ru.
  1785 | D:2      | Reached XP level 4. HP: 4/18 MP: 0/9
  2020 | D:2      | Reached skill level 1 in Fighting
  2584 | D:2      | Noticed Natasha
  2590 | D:2      | Killed Natasha
  2782 | D:2      | Noticed Natasha
  2943 | D:2      | Killed Natasha
  2943 | D:2      | Reached XP level 5. HP: 16/22 MP: 6/10
  3215 | D:2      | Found a sacrificial altar of Ru.
  3241 | D:2      | Noticed Natasha
  3438 | D:2      | Killed Natasha
  4484 | D:3      | Gained mutation: You are covered in thick fur. (AC +2)
                  | [Felid growth]
  4484 | D:3      | Reached XP level 6. HP: 20/26 MP: 4/12
  4672 | D:3      | You fall into a shaft and drop 1 floor!
  5477 | D:4      | Slain by a worker ant
  5478 | D:4      | Reached XP level 5. HP: 0/22 MP: 1/11
  5634 | D:4      | Reached XP level 6. HP: 26/26 MP: 6/13
  5859 | D:4      | Found a shimmering blue altar of Sif Muna.
  6316 | D:4      | Slain by an adder

Levels and vault maps discovered:
D:1:      wander_arrival_lonely_grave, layout_loops_ring
D:2:      layout_basic, nicolae_overflow_crystal_walls, uniq_natasha
D:3:      layout_loops_ring
D:4:      layout_loops_corners, kennysheep_mini_moat, first_ration,
          lightli_sewer_entry_pipes

Skill      XL: |  1  2  3  4  5  6 |
---------------+-------------------+-----
Conjurations   | 1 2 3 |  3.6
Air Magic      | 3 4 |  4.5
Fighting       | 1 2 |  2.3
Spellcasting   | 3 4 |  4.1
Dodging        | |  2.6
Stealth        | |  2.6

Action                   |  1- 3 |  4- 6 || total
-------------------------+-------+-------++-------
Melee: Unarmed           |    25 |    23 ||    48
       Bite              |     1 |     2 ||     3
 Cast: Shock             |    86 |   225 ||   311
Evoke: Wand              |       |     1 ||     1
  Use: Potion            |       |     1 ||     1
  Eat: Chunk             |    10 |    14 ||    24
Armor: Skin              |     2 |     4 ||     6
Dodge: Dodged            |    27 |    71 ||    98
